 Dungeon Crawl Stone Soup version 0.31.0-11-ge490571c62 (webtiles) character file.

Game seed: 9530234475308996490

218 qw the Shooter (level 5, 0/26 HPs)
             Began as a Spriggan Hunter on Feb 4, 2024.
             Slain by a gnoll
             ... wielding a +0 flail
             ... led by a gnoll bouda
              (2 damage)
             ... on level 3 of the Dungeon.
             The game lasted 00:00:24 (1403 turns).

qw the Shooter (Spriggan Hunter)                    Turns: 1403, Time: 00:00:25

Health: 0/26       AC:  2    Str:  7    XL:     5   Next: 63%
Magic:  6/6        EV: 20    Int: 10    God:
Gold:   207        SH:  0    Dex: 21    Spells: 4/4 levels left

rFire   . . .        a - +1 shortbow (heavy)
rCold   . . .        (shield currently unavailable)
rNeg    . . .        c - +0 robe
rPois   .            (helmet restricted)
rElec   .            (no cloak)
rCorr   .            (gloves unavailable)
SInv    +            (boots unavailable)
Will    .....        (no amulet)
Stlth   ++           (no ring)
HPRegen 0.24/turn    (no ring)
MPRegen 0.10/turn

%: no passive effects
@: about to teleport, very quick
A: very small, no large weapons, unfitting armour, see invisible, speed 3
a: no special abilities


You were on level 3 of the Dungeon.
You visited 1 branch of the dungeon, and saw 3 of its levels.

You collected 207 gold pieces.


Innate Abilities, Weirdness & Mutations

You are very small and have problems with some larger weapons.
You are too small for most types of armour.
You have supernaturally acute eyesight. (SInv)
You cover ground extremely quickly. (Speed+++)


   Skills:
 - Level 2.2 Fighting
 + Level 5.7 Ranged Weapons
 - Level 5.1 Dodging
 - Level 1.5 Stealth


You had 4 spell levels left.
You didn't know any spells.
Your spell library was empty.

Inventory:

Hand Weapons
 a - a +1 heavy shortbow (weapon)
Armour
 c - a +0 robe (worn)
Jewellery
 e - an amulet of faith
Scrolls
 k - a scroll of brand weapon
Potions
 d - a potion of curing

Dungeon Overview and Level Annotations

Branches:
Dungeon (3/15)

Altars:


Message History

The arrow hits the gnoll.
The gnoll is lightly wounded.
You hear a shout!
The gnoll misses you.
You shoot an arrow. The arrow hits the gnoll!
You kill the gnoll!
You shoot an arrow. The arrow hits the adder.
The adder is heavily wounded.
The adder closely misses you. The adder misses you. The adder bites you.
You are poisoned.
The adder poisons you!
You shoot an arrow. The arrow closely misses the adder.
The arrow completely misses the gnoll.
The arrow hits the rat!
You kill the rat!
You feel very sick.
You hear a shout!
The adder barely misses you.
A gnoll comes into view. It is wielding a +0 flail.
The adder misses you.
You shoot an arrow. The arrow hits the adder!
You kill the adder!
You feel sick. The gnoll misses you.
You shoot an arrow. The arrow hits the gnoll!
The gnoll is severely wounded.
You feel sick. The gnoll barely misses you. x2
You shoot an arrow. The arrow hits the gnoll!
You kill the gnoll!
You feel sick.
You are no longer poisoned.
You shoot an arrow. The arrow closely misses the gnoll.
The gnoll closely misses you. The gnoll completely misses you.
You shoot an arrow. The arrow barely misses the gnoll.
The gnoll barely misses you. The gnoll hits you with a +0 flail!
You shoot an arrow. The arrow barely misses the gnoll.
The gnoll closely misses you. The gnoll hits you with a +0 flail.
1403 ||| READING scroll of teleportation.
As you read the scroll of teleportation, it crumbles to dust.
You feel strangely unstable. The gnoll hits you with a +0 flail.
You die...

....# . ....# ..)
....###############).$..
................@g)%....
..<..###......#####.....
#...[# #......##### +##
#....###..........#
.......+.............#
...#.###..)).......###
#..#.###.......^..##
...#...)..)...#...#
..##......).....###


You could see a gnoll.

Vanquished Creatures
  A hound (D:2)
  A gnoll bouda (D:3)
  6 adders
  4 gnolls (D:3)
  A white imp (D:3)
  3 dart slugs (D:2)
  2 ribbon worms (D:2)
  5 orcs (D:3)
  5 ball pythons
  3 endoplasms
  A giant cockroach (D:2)
  2 goblins (D:2)
  2 hobgoblins (D:2)
  2 jackals (D:2)
  5 bats
  2 frilled lizards (D:2)
  5 kobolds
  4 rats
54 creatures vanquished.

Notes
Turn   | Place    | Note
-------+----------+-------------------------------------------
     0 | D:1      | qw the Spriggan Hunter began the quest for the Orb.
     0 | D:1      | Reached XP level 1. HP: 10/10 MP: 2/2
     0 | D:1      | 0 ||| qw: Version: 0.3-a-160-g6735b56
     0 | D:1      | 0 ||| qw: Game counter: 5734
     0 | D:1      | 0 ||| qw: Melee chars always use a shield: true
     0 | D:1      | 0 ||| qw: God list: Okawaru
     0 | D:1      | 0 ||| qw: Allow faded altars: false
     0 | D:1      | 0 ||| qw: Do Orc after clearing Dungeon:15 true
     0 | D:1      | 0 ||| qw: Do second Lair branch before Depths: true
     0 | D:1      | 0 ||| qw: Lair rune preference: random
     0 | D:1      | 0 ||| qw: Goals: Normal
     0 | D:1      | 0 ||| PLANNING D:1-11
    46 | D:1      | Reached skill level 3 in Dodging
    99 | D:1      | Found a faded altar of an unknown god.
   297 | D:1      | 297 ||| READING scroll labelled QONGUO SEIR.
   297 | D:1      | 297 ||| ENCHANTING +0 shortbow.
   298 | D:1      | 298 ||| READING scroll labelled OJICHE ZUNU.
   299 | D:1      | 299 ||| READING scroll labelled DETAF MIREHO.
   300 | D:1      | 300 ||| READING scroll labelled GEKU HAIHOQIPS.
   300 | D:1      | 300 ||| BRANDING +1 shortbow.
   301 | D:1      | 301 ||| DROPPING scroll of butterflies.
   327 | D:2      | Reached XP level 2. HP: 6/14 MP: 3/3
   401 | D:2      | Reached XP level 3. HP: 18/18 MP: 4/4
   409 | D:2      | HP: 4/18 [kobold/+0 short sword (3)]
   537 | D:2      | Reached XP level 4. HP: 16/22 MP: 5/5
  1201 | D:2      | 1201 ||| READING scroll labelled ZOWKEY ANOCLYR.
  1302 | D:2      | 1302 ||| READING scroll labelled ARPHIV GA SISIJ.
  1303 | D:2      | 1303 ||| READING scroll labelled LAUGOW AVEWK.
  1303 | D:2      | 1303 ||| ENCHANTING +1 heavy shortbow.
  1304 | D:2      | 1304 ||| READING scroll labelled CUAPUI MIR JON.
  1305 | D:2      | 1305 ||| READING scroll labelled NAFFUNK HOLER.
  1306 | D:2      | 1306 ||| READING scroll labelled GATHRU OMIYFO.
  1311 | D:2      | 1311 ||| READING 2 scrolls labelled QIUCZO OHEUHAR.
  1311 | D:2      | 1311 ||| IDENTIFYING fuming silvery potion
  1312 | D:2      | 1312 ||| READING scroll of identify.
  1312 | D:2      | 1312 ||| IDENTIFYING scroll labelled OPISUM NASO
  1313 | D:2      | 1313 ||| DROPPING scroll of noise.
  1387 | D:3      | Reached XP level 5. HP: 26/26 MP: 6/6
  1402 | D:3      | HP: 2/26 [gnoll/+0 flail[a gnoll bouda] (6)]
  1403 | D:3      | 1403 ||| READING scroll of teleportation.
  1403 | D:3      | Slain by a gnoll

Levels and vault maps discovered:
D:1:      wheals_arrival_shading, layout_rooms,
          chequers_ecumenical_altar_simple_redux
D:2:      layout_loops_ring, minmay_increasing_density
D:3:      layout_basic, nicolae_qazlal_beasts_of_the_sky, marbit_many_paths,
          serial_shops, nicolae_shop_pleasant_corner_grove, uniq_robin,
          uniq_crazy_yiuf_cottage

Skill      XL: |  1  2  3  4 |
---------------+-------------+-----
Dodging        | 4 5 |  5.1
Ranged Weapons | 5 |  5.7
Fighting       | 2 |  2.2
Stealth        | |  1.5

Action                     |  1- 3 |  4- 6 || total
---------------------------+-------+-------++-------
   Fire: Shortbow          |    52 |    74 ||   126
    Use: Scroll            |     4 |     9 ||    13
 Armour: Robe              |    18 |     6 ||    24
  Dodge: Dodged            |    42 |    32 ||    74

Table legend:
 A = Non-vault XP
 B = Vault XP
 C = Vault XP percentage of total XP
 D = Non-vault monster count
 E = Vault monster count
 F = Vault count percentage of total count
                 A         B        C        D         E       F
            +---------+---------+-------+---------+---------+-------
      Total |     228 |      84 |  26.9 |      42 |      12 |  22.2
            +---------+---------+-------+---------+---------+-------
        D:1 |       7 |       0 |   0.0 |       5 |       0 |   0.0
        D:2 |      67 |      84 |  55.6 |      20 |      12 |  37.5
        D:3 |     154 |       0 |   0.0 |      17 |       0 |   0.0
            +---------+---------+-------+---------+---------+-------
